Wild vs Phantoms

Created - Tuesday, February 02, 2016 at 01:12

Goals
1 2 3 OT1 SO T
Wild 0 1 0 0 0 1
Phantoms 0 1 0 0 1 2
Shots
1 2 3 OT1 SO T
Wild 5 12 16 5 5 38
Phantoms 6 13 6 0 5 25

1st period

No Goal

Penalties :
Deryk Engelland (LEH) for Hooking (Minor) at 2:26, Chris Neil (LEH) for Interference (Minor) at 7:05, Deryk Engelland (LEH) for Fighting (Major) at 14:16, Shane O'Brien (IOW) for Fighting (Major) at 14:16, Steve MacIntyre (LEH) for Fighting (Major) at 14:29, Jon Landry (IOW) for Fighting (Major) at 14:29, Steve MacIntyre (LEH) for instigated a fight (Minor) at 14:29, Steve MacIntyre (LEH) for instigated a fight (10 Minutes Misconduct) at 14:29

2nd period

1. Wild , David Wolf 11 (Micheal Haley, Shane O'Brien) at 0:22
2. Phantoms , Martin Gernat 1 (Bryan Allen, Garrett Wilson) at 12:39 (PP)

Penalties :
Alex Friesen (IOW) for Holding (Minor) at 1:44, Shane O'Brien (IOW) for Hooking (Minor) at 11:59

3rd period

No Goal

Penalties :
Deryk Engelland (LEH) for Fighting (Major) at 4:11, Steve Eminger (IOW) for Fighting (Major) at 4:11, Steve MacIntyre (LEH) for Interference (Minor) at 5:05, David Wolf (IOW) for Hooking (Minor) at 10:15, Steve MacIntyre (LEH) for Fighting (Major) at 13:07, Mike Moore (IOW) for Fighting (Major) at 13:07, Deryk Engelland (LEH) for Fighting (Major / Game Misconduct) at 13:18, Jon Landry (IOW) for Fighting (Major) at 13:18, Tom Sestito (LEH) for Cross-checking (Minor) at 13:55, Stephen Johns (LEH) for Fighting (Major) at 15:32, Jani Hakanpaa (IOW) for Fighting (Major) at 15:32

Overtime #1

No Goal

Penalties :
No Penalty

Shootout

Penalty Shot by Mark Van Guilder for Wild - Stopped by Marek Mazanec
Penalty Shot by Byron Froese for Phantoms - Shot Misses the Net
Penalty Shot by David Wolf for Wild - Stopped by Marek Mazanec
Penalty Shot by Tom Sestito for Phantoms - Stopped by Jordan Binnington
Penalty Shot by Micheal Haley for Wild - Shot Misses the Net
Penalty Shot by Chris Langkow for Phantoms - Shot Misses the Net
Penalty Shot by Dan Catenacci for Wild - Stopped by Marek Mazanec
Penalty Shot by Garrett Wilson for Phantoms - Stopped by Jordan Binnington
Penalty Shot by Alex Friesen for Wild - Stopped by Marek Mazanec
Penalty Shot by Bryan Lerg for Phantoms - Goal!

Penalties :
No Penalty

Goalie Stats

Jordan Binnington (IOW), 24 saves from 25 shots - (0.960), OTL, 21-10-13, 65:00 minutes
Marek Mazanec (LEH), 37 saves from 38 shots - (0.974), W, 28-11-13, 65:00 minutes

Players Stats for Wild

Player Name              G  A  P  +/- PIM S  H  SB GA TA FO     MP     PP MP  PK MP  
------------------------------------------------------------------------------------
Alex Friesen             0  0  0   0  2   2  1  1  1  0  3/4    15:02   0:00   0:00 
Anthony Camara           0  0  0   0  0   1  0  0  2  1  0/1    14:26   0:00   0:00 
Cam Janssen              0  0  0   0  0   0  3  1  0  1  2/2    13:08   0:00   0:00 
Dan Catenacci            0  0  0   0  0   2  2  0  3  0  7/15   19:23   4:00   1:15 
Danny Hobbs              0  0  0   0  0   3  0  0  0  0  0/0     8:42   0:00   0:00 
David Wolf               1  0  1   1  2   7  2  0  5  2  1/1    22:00   3:56   2:28 
Devin Shore              0  0  0   0  0   0  1  0  0  0  1/4    11:01   0:00   1:06 
Francis Wathier          0  0  0   0  0   1  0  0  0  0  0/0    16:17   4:00   0:17 
Jani Hakanpaa            0  0  0   0  5   0  2  3  0  3  0/0    22:41   3:34   1:38 
Jerome Leduc             0  0  0   0  0   1  0  1  0  1  0/0    16:34   0:13   0:00 
Jon Landry               0  0  0   0  10  1  2  0  0  3  0/0    21:03   2:58   1:38 
Mark Van Guilder         0  0  0   1  0   2  1  0  0  2  11/25  23:04   3:56   3:59 
Michael Keranen          0  0  0   0  0   0  0  0  3  0  0/1    16:00   4:00   0:00 
Micheal Haley            0  1  1   1  0   7  4  0  1  2  0/0    17:57   3:56   0:11 
Mike Moore               0  0  0   0  5   0  2  0  0  1  0/0    16:48   2:54   0:40 
Shane O'Brien            0  1  1   1  7   7  3  0  1  1  0/0    27:12   2:59   2:20 
Steve Eminger            0  0  0   1  5   3  0  3  0  2  0/0    25:09   3:14   3:00 
Tim Spencer              0  0  0   0  0   1  0  0  0  0  0/0     8:42   0:00   0:00 

Players Stats for Phantoms

Player Name              G  A  P  +/- PIM S  H  SB GA TA FO     MP     PP MP  PK MP  
------------------------------------------------------------------------------------
Bryan Allen              0  1  1  -1  0   6  2  4  2  0  0/0    17:29   1:30   2:35 
Bryan Lerg               0  0  0   0  0   3  1  1  2  0  0/0    22:55   1:57   1:01 
Byron Froese             0  0  0   0  0   1  0  1  3  0  4/8    20:46   1:40   2:31 
Chris Langkow            0  0  0  -1  0   0  1  1  0  0  10/18  24:50   2:41   1:46 
Chris Neil               0  0  0  -1  2   1  3  2  1  0  5/11   22:13   2:35   3:25 
Cody Bass                0  0  0   0  0   0  5  1  1  0  0/0    17:36   1:40   0:00 
Deryk Engelland          0  0  0  -1  27  7  1  3  5  2  0/0    19:43   2:39   0:38 
Garrett Wilson           0  1  1  -1  0   0  1  0  2  1  0/0    18:33   2:58   2:31 
Greg Zanon               0  0  0   0  0   0  3  1  1  2  0/0    23:54   2:05   3:57 
Jared Nightingale        0  0  0   0  0   1  3  0  0  2  0/0    23:28   0:00   3:39 
Keegan Lowe              0  0  0   0  0   0  1  1  0  1  0/0    15:36   0:00   1:41 
Mark Louis               0  0  0   0  0   1  0  0  0  0  0/0     2:15   0:00   0:00 
Martin Gernat            1  0  1   0  0   2  0  2  1  1  0/0    24:01   1:20   0:00 
Nathan Longpre           0  0  0   0  0   1  3  0  1  0  5/10   14:35   0:00   0:00 
Stephen Johns            0  0  0   0  5   1  1  0  2  0  0/0    16:24   2:05   3:22 
Steve MacIntyre          0  0  0   0  24  1  4  0  3  0  0/0     9:13   0:00   0:00 
Steve McCarthy           0  0  0   0  0   0  0  0  0  0  0/0     0:00   0:00   0:00 
Tom Sestito              0  0  0   0  2   0  1  2  1  0  4/6    18:19   0:00   4:38 

3 Stars

1 - Marek Mazanec (LEH)
2 - Jordan Binnington (IOW)
3 - Micheal Haley (IOW)

Power Play

Wild - 0 on 5 Attempt(s) - 0.00%
Phantoms - 1 on 3 Attempt(s) - 33.33%

Penalty Kill

Wild - 2 on 3 Attempt(s) - 66.67% - Score 0 goal in Penalty Kill
Phantoms - 5 on 5 Attempt(s) - 100.00% - Score 0 goal in Penalty Kill

Team Stat

Wild - Hits : 23 - Faceoff Wins : 25 - Blocked Shots : 9 - Penalty Minutes : 36
Phantoms - Hits : 30 - Faceoff Wins : 28 - Blocked Shots : 19 - Penalty Minutes : 60

Official

Referees : Unknown
Linesman : Unknown

Game Notes

Deryk Engelland beats up Shane O'Brien at 14:16 of 1st period
Steve MacIntyre and Jon Landry fight to a draw at 14:29 of 1st period
Bryan Allen is injured at 1:45 of 3rd period (Right Leg)
Deryk Engelland beats up Steve Eminger at 4:11 of 3rd period
Steve MacIntyre and Mike Moore fight to a draw at 13:07 of 3rd period
Deryk Engelland beats up Jon Landry at 13:18 of 3rd period
Deryk Engelland ejected from game at 13:18 of 3rd period
Stephen Johns and Jani Hakanpaa fight to a draw at 15:32 of 3rd period

Finance

Level 1 -- Attendance: 1590 (79.50%) -- Ticket Income $19,080
Level 2 -- Attendance: 807 (80.70%) -- Ticket Income $4,035
Total Attendance: 2397 (79.90%)
Total Ticket Income: $23,115
Other Income: $11,326
Total Income: $34,441

Wild

5 vs 5 Forward 
   Center                   Left Wing                Right Wing               Time % Phy DF OF 
 1 Mark Van Guilder         David Wolf               Micheal Haley            35     1   2  2  
 2 Dan Catenacci            Francis Wathier          Michael Keranen          30     1   2  2  
 3 Alex Friesen             Anthony Camara           Cam Janssen              22     1   2  2  
 4 Devin Shore              Tim Spencer              Danny Hobbs              13     1   2  2  

5 vs 5 Defense 
   Defense                  Defense                                           Time % Phy DF OF 
 1 Shane O'Brien            Steve Eminger                                     35     1   2  2  
 2 Jon Landry               Jani Hakanpaa                                     30     1   2  2  
 3 Mike Moore               Jerome Leduc                                      22     1   2  2  
 4 Shane O'Brien            Steve Eminger                                     13     1   2  2  

PowerPlay Forward 
   Center                   Left Wing                Right Wing               Time % Phy DF OF 
 1 Mark Van Guilder         David Wolf               Micheal Haley            60     1   2  2  
 2 Dan Catenacci            Francis Wathier          Michael Keranen          40     1   2  2  

PowerPlay Defense
   Defense                  Defense                                           Time % Phy DF OF 
 1 Shane O'Brien            Steve Eminger                                     60     1   2  2  
 2 Jon Landry               Jani Hakanpaa                                     40     1   2  2  

Penalty Kill 4 Players Forward 
   Center                   Wing                     Time % Phy DF OF 
 1 Mark Van Guilder         David Wolf               60     1   2  2  
 2 Micheal Haley            Dan Catenacci            40     1   2  2  

Penalty Kill 4 Players Defense
   Defense                  Defense                  Time % Phy DF OF 
 1 Shane O'Brien            Steve Eminger            60     1   2  2  
 2 Jon Landry               Jani Hakanpaa            40     1   2  2  

Penalty Kill - 3 Players Forward 
   Forward                                           Time % Phy DF OF 
 1 Mark Van Guilder                                  60     1   2  2  
 2 David Wolf                                        40     1   2  2  

Penalty Kill - 3 Players Defense
   Defense                  Defense                  Time % Phy DF OF 
 1 Shane O'Brien            Steve Eminger            60     1   2  2  
 2 Jon Landry               Jani Hakanpaa            40     1   2  2  

4 vs 4 Forward 
   Center                   Wing                     Time % Phy DF OF 
 1 Mark Van Guilder         David Wolf               60     1   2  2  
 2 Micheal Haley            Dan Catenacci            40     1   2  2  

4 vs 4 Defense
   Defense                  Defense                  Time % Phy DF OF 
 1 Shane O'Brien            Steve Eminger            60     1   2  2  
 2 Jon Landry               Jani Hakanpaa            40     1   2  2  

Last Minutes Offensive
   Center                   Left Wing                Right Wing               Defense                  Defense                  
   Mark Van Guilder         David Wolf               Micheal Haley            Shane O'Brien            Steve Eminger            

Last Minutes Defensive
   Center                   Left Wing                Right Wing               Defense                  Defense                  
   Mark Van Guilder         David Wolf               Micheal Haley            Shane O'Brien            Steve Eminger            

Goaltenders
Starting : Jordan Binnington        
Backup : Doug Carr                

Extra Forwards
Normal : Alex Friesen, Anthony Camara, Devin Shore - PP : Alex Friesen, Anthony Camara - PK : Devin Shore
Extra Defensemen
Normal : Mike Moore, Jerome Leduc, Jon Landry - PP : Mike Moore - PK : Jerome Leduc, Jon Landry
Penalty Shots
Mark Van Guilder, David Wolf, Micheal Haley, Dan Catenacci, Alex Friesen

Phantoms

5 vs 5 Forward 
   Center                   Left Wing                Right Wing               Time % Phy DF OF 
 1 Chris Neil               Garrett Wilson           Chris Langkow            35     1   2  2  
 2 Byron Froese             Bryan Lerg               Cody Bass                30     1   2  2  
 3 Chris Langkow            Tom Sestito              Deryk Engelland          22     1   2  2  
 4 Nathan Longpre           Steve MacIntyre          Deryk Engelland          13     1   2  2  

5 vs 5 Defense 
   Defense                  Defense                                           Time % Phy DF OF 
 1 Bryan Allen              Deryk Engelland                                   35     1   2  2  
 2 Greg Zanon               Stephen Johns                                     30     1   2  2  
 3 Martin Gernat            Jared Nightingale                                 22     1   2  2  
 4 Keegan Lowe              Bryan Allen                                       13     1   2  2  

PowerPlay Forward 
   Center                   Left Wing                Right Wing               Time % Phy DF OF 
 1 Chris Langkow            Garrett Wilson           Chris Neil               60     1   2  2  
 2 Byron Froese             Bryan Lerg               Cody Bass                40     1   2  2  

PowerPlay Defense
   Defense                  Defense                                           Time % Phy DF OF 
 1 Bryan Allen              Deryk Engelland                                   60     1   2  2  
 2 Greg Zanon               Stephen Johns                                     40     1   2  2  

Penalty Kill 4 Players Forward 
   Center                   Wing                     Time % Phy DF OF 
 1 Tom Sestito              Chris Neil               60     1   2  2  
 2 Garrett Wilson           Byron Froese             40     1   2  2  

Penalty Kill 4 Players Defense
   Defense                  Defense                  Time % Phy DF OF 
 1 Bryan Allen              Deryk Engelland          60     1   2  2  
 2 Greg Zanon               Stephen Johns            40     1   2  2  

Penalty Kill - 3 Players Forward 
   Forward                                           Time % Phy DF OF 
 1 Byron Froese                                      60     1   2  2  
 2 Garrett Wilson                                    40     1   2  2  

Penalty Kill - 3 Players Defense
   Defense                  Defense                  Time % Phy DF OF 
 1 Bryan Allen              Deryk Engelland          60     1   2  2  
 2 Greg Zanon               Stephen Johns            40     1   2  2  

4 vs 4 Forward 
   Center                   Wing                     Time % Phy DF OF 
 1 Chris Langkow            Bryan Lerg               60     1   2  2  
 2 Garrett Wilson           Byron Froese             40     1   2  2  

4 vs 4 Defense
   Defense                  Defense                  Time % Phy DF OF 
 1 Bryan Allen              Deryk Engelland          60     1   2  2  
 2 Greg Zanon               Stephen Johns            40     1   2  2  

Last Minutes Offensive
   Center                   Left Wing                Right Wing               Defense                  Defense                  
   Chris Neil               Garrett Wilson           Byron Froese             Bryan Allen              Deryk Engelland          

Last Minutes Defensive
   Center                   Left Wing                Right Wing               Defense                  Defense                  
   Chris Neil               Garrett Wilson           Byron Froese             Bryan Allen              Deryk Engelland          

Goaltenders
Starting : Marek Mazanec            
Backup : Laurent Brossoit         

Extra Forwards
Normal : Deryk Engelland, Tom Sestito, Chris Langkow - PP : Deryk Engelland, Tom Sestito - PK : Chris Langkow
Extra Defensemen
Normal : Martin Gernat, Jared Nightingale, Keegan Lowe - PP : Martin Gernat - PK : Jared Nightingale, Keegan Lowe
Penalty Shots
Deryk Engelland, Tom Sestito, Chris Langkow, Garrett Wilson, Byron Froese

% Time on Ice - Wild

Lines # - Real PCT - Wanted PCT - Time Play
Normal Forward
1 - 27% - 35% - 13:01
2 - 26% - 30% - 12:34
3 - 28% - 22% - 13:09
4 - 18% - 13% - 8:42
Normal Defense
1 - 30% - 35% - 14:11
2 - 42% - 30% - 19:44
3 - 24% - 22% - 11:19
4 - 5% - 13% - 2:12
PP Forward
1 - 50% - 60% - 3:56
2 - 50% - 40% - 4:00
PP Defense
1 - 55% - 60% - 4:22
2 - 45% - 40% - 3:34
PK Forward
1 - 96% - 60% - 4:27
2 - 4% - 40% - 0:11
PK Defense
1 - 65% - 60% - 3:00
2 - 35% - 40% - 1:38
PK3 Forward
1 - 0% - 60%
2 - 0% - 40%
PK3 Defense
1 - 0% - 60%
2 - 0% - 40%
44 Forward
1 - 86% - 60% - 4:18
2 - 14% - 40% - 0:42
44 Defense
1 - 56% - 60% - 2:48
2 - 44% - 40% - 2:12
Last Minute Offensive  - 0:00
Last Minute Defensive  - 0:00
Total
Forward - 65:00
Defense - 65:00

% Time on Ice - Phantoms

Lines # - Real PCT - Wanted PCT - Time Play
Normal Forward
1 - 22% - 35% - 10:18
2 - 30% - 30% - 14:13
3 - 15% - 22% - 7:00
4 - 34% - 13% - 15:55
Normal Defense
1 - 36% - 35% - 17:15
2 - 24% - 30% - 11:35
3 - 22% - 22% - 10:27
4 - 17% - 13% - 8:09
PP Forward
1 - 64% - 60% - 2:58
2 - 36% - 40% - 1:40
PP Defense
1 - 55% - 60% - 2:33
2 - 45% - 40% - 2:05
PK Forward
1 - 68% - 60% - 5:25
2 - 32% - 40% - 2:31
PK Defense
1 - 58% - 60% - 4:34
2 - 42% - 40% - 3:22
PK3 Forward
1 - 0% - 60%
2 - 0% - 40%
PK3 Defense
1 - 0% - 60%
2 - 0% - 40%
44 Forward
1 - 100% - 60% - 5:00
2 - 0% - 40% - 0:00
44 Defense
1 - 100% - 60% - 5:00
2 - 0% - 40% - 0:00
Last Minute Offensive  - 0:00
Last Minute Defensive  - 0:00
Total
Forward - 65:00
Defense - 65:00

Play by Play

1st period


0:01 of 1st period - Chris Neil wins face-off versus Mark Van Guilder in neutral zone.
0:12 of 1st period - Slapshot by Deryk Engelland.
0:12 of 1st period - Stopped by Jordan Binnington with a rebound.
0:14 of 1st period - Slapshot by Bryan Allen.
0:14 of 1st period - Stopped by Jordan Binnington without a rebound.
0:15 of 1st period - Mark Van Guilder wins face-off versus Chris Neil in Wild zone.
0:15 of 1st period - Mark Van Guilder is hit by Bryan Allen.
0:29 of 1st period - Slapshot by Deryk Engelland.
0:29 of 1st period - Stopped by Jordan Binnington without a rebound.
0:30 of 1st period - Byron Froese wins face-off versus Dan Catenacci in Wild zone.
1:47 of 1st period - Snap shot by Alex Friesen.
1:47 of 1st period - Stopped by Marek Mazanec with a rebound.
2:01 of 1st period - Deryk Engelland is hit by Cam Janssen and loses puck.
2:26 of 1st period - Minor Penalty to Deryk Engelland for Hooking.
2:27 of 1st period - Tom Sestito wins face-off versus Mark Van Guilder in Phantoms zone.
2:27 of 1st period - Tom Sestito is hit by Micheal Haley.
3:26 of 1st period - Bryan Allen is hit by Shane O'Brien and loses puck.
3:33 of 1st period - Snap shot by Michael Keranen.
3:33 of 1st period - Shot Blocked by Bryan Allen.
3:35 of 1st period - Snap shot by Francis Wathier.
3:35 of 1st period - Shot Misses the Net.
4:26 of 1st period - Penalty to Deryk Engelland is over, Deryk Engelland is back on ice.
4:44 of 1st period - Steve MacIntyre is hit by Jon Landry and loses puck.
5:37 of 1st period - Slapshot by Bryan Lerg.
5:37 of 1st period - Stopped by Jordan Binnington with a rebound.
6:31 of 1st period - Anthony Camara is hit by Deryk Engelland and loses puck.
7:05 of 1st period - Minor Penalty to Chris Neil for Interference.
7:06 of 1st period - Tom Sestito wins face-off versus Dan Catenacci in Phantoms zone.
8:01 of 1st period - Wrist shot by Micheal Haley.
8:01 of 1st period - Stopped by Marek Mazanec with a rebound.
9:01 of 1st period - Snap shot by Micheal Haley.
9:01 of 1st period - Shot Blocked by Tom Sestito.
9:05 of 1st period - Penalty to Chris Neil is over, Chris Neil is back on ice.
10:03 of 1st period - Jared Nightingale is hit by Alex Friesen and loses puck.
11:43 of 1st period - Wrist shot by David Wolf.
11:43 of 1st period - Shot Blocked by Byron Froese.
11:53 of 1st period - Micheal Haley is hit by Greg Zanon and loses puck.
12:03 of 1st period - Off-side.
12:04 of 1st period - Chris Neil wins face-off versus Devin Shore in neutral zone.
12:10 of 1st period - Icing by Jani Hakanpaa.
12:11 of 1st period - Chris Neil wins face-off versus Devin Shore in Wild zone.
12:12 of 1st period - Slapshot by Garrett Wilson.
12:12 of 1st period - Shot Misses the Net.
13:06 of 1st period - Stephen Johns is hit by Mike Moore and loses puck.
13:47 of 1st period - Snap shot by Micheal Haley.
13:47 of 1st period - Stopped by Marek Mazanec with a rebound.
13:57 of 1st period - Backhand shot by David Wolf.
13:57 of 1st period - Shot Misses the Net.
14:16 of 1st period - Deryk Engelland beats up Shane O'Brien.
14:16 of 1st period - Penalty to Deryk Engelland for Fighting.
14:16 of 1st period - Penalty to Shane O'Brien for Fighting.
14:17 of 1st period - Nathan Longpre wins face-off versus Dan Catenacci in neutral zone.
14:28 of 1st period - Wrist shot by Michael Keranen.
14:28 of 1st period - Shot Blocked by Bryan Allen.
14:29 of 1st period - Steve MacIntyre and Jon Landry fight to a draw.
14:29 of 1st period - Penalty to Steve MacIntyre for Fighting.
14:29 of 1st period - Penalty to Jon Landry for Fighting.
14:29 of 1st period - Penalty to Steve MacIntyre for instigated a fight.
14:29 of 1st period - Penalty to Steve MacIntyre for instigated a fight.
14:30 of 1st period - Mark Van Guilder wins face-off versus Tom Sestito in Phantoms zone.
14:31 of 1st period - Backhand shot by David Wolf.
14:31 of 1st period - Stopped by Marek Mazanec with a rebound.
14:33 of 1st period - Snap shot by Micheal Haley.
14:33 of 1st period - Stopped by Marek Mazanec with a rebound.
14:59 of 1st period - Jared Nightingale is hit by Mike Moore and loses puck.
16:07 of 1st period - Stephen Johns is hit by Micheal Haley and loses puck.
16:29 of 1st period - Penalty to Steve MacIntyre is over, Chris Langkow is send on ice.
16:59 of 1st period - Wrist shot by Nathan Longpre.
16:59 of 1st period - Stopped by Jordan Binnington with a rebound.
17:44 of 1st period - Wrist shot by Cody Bass.
17:44 of 1st period - Shot Misses the Net.
18:20 of 1st period - Slapshot by Bryan Allen.
18:20 of 1st period - Stopped by Jordan Binnington with a rebound.
18:55 of 1st period - Tom Sestito is hit by Mark Van Guilder and loses puck.
19:40 of 1st period - Steve Eminger is hit by Jared Nightingale and loses puck.
Goals for this period are 0 for Wild vs 0 for Phantoms.
Shots for this period are 5 for Wild vs 6 for Phantoms.

2nd period


0:01 of 2nd period - Mark Van Guilder wins face-off versus Chris Neil in neutral zone.
0:04 of 2nd period - Snap shot by David Wolf.
0:04 of 2nd period - Shot Misses the Net.
0:06 of 2nd period - Slapshot by David Wolf.
0:06 of 2nd period - Stopped by Marek Mazanec with a rebound.
0:08 of 2nd period - Slapshot by Shane O'Brien.
0:08 of 2nd period - Stopped by Marek Mazanec with a rebound.
0:10 of 2nd period - Snap shot by Micheal Haley.
0:10 of 2nd period - Shot Blocked by Bryan Allen.
0:12 of 2nd period - Backhand shot by Shane O'Brien.
0:12 of 2nd period - Shot Blocked by Deryk Engelland.
0:14 of 2nd period - Backhand shot by David Wolf.
0:14 of 2nd period - Shot Blocked by Deryk Engelland.
0:16 of 2nd period - Slapshot by Shane O'Brien.
0:16 of 2nd period - Shot Misses the Net.
0:18 of 2nd period - Wrist shot by Micheal Haley.
0:18 of 2nd period - Stopped by Marek Mazanec with a rebound.
0:20 of 2nd period - Slapshot by Micheal Haley.
0:20 of 2nd period - Shot Misses the Net.
0:22 of 2nd period - Snap shot by David Wolf.
0:22 of 2nd period - Goal by David Wolf - Wild : 1 - Phantoms : 0.
0:23 of 2nd period - Chris Langkow wins face-off versus Dan Catenacci in neutral zone.
0:26 of 2nd period - Slapshot by Bryan Allen.
0:26 of 2nd period - Shot Blocked by Steve Eminger.
0:28 of 2nd period - Slapshot by Bryan Allen.
0:28 of 2nd period - Stopped by Jordan Binnington without a rebound.
0:29 of 2nd period - Dan Catenacci wins face-off versus Chris Langkow in Wild zone.
0:29 of 2nd period - Dan Catenacci is hit by Chris Neil.
0:45 of 2nd period - Slapshot by Bryan Allen.
0:45 of 2nd period - Stopped by Jordan Binnington with a rebound.
0:47 of 2nd period - Slapshot by Bryan Allen.
0:47 of 2nd period - Deflect By Steve Eminger.
0:47 of 2nd period - Stopped by Jordan Binnington with a rebound.
1:05 of 2nd period - Slapshot by Deryk Engelland.
1:05 of 2nd period - Shot Blocked by Steve Eminger.
1:21 of 2nd period - Steve Eminger is hit by Cody Bass and loses puck.
1:40 of 2nd period - Snap shot by Byron Froese.
1:40 of 2nd period - Stopped by Jordan Binnington without a rebound.
1:41 of 2nd period - Cam Janssen wins face-off versus Chris Neil in Wild zone.
1:41 of 2nd period - Cam Janssen is hit by Stephen Johns.
1:44 of 2nd period - Minor Penalty to Alex Friesen for Holding.
1:45 of 2nd period - Chris Langkow wins face-off versus Mark Van Guilder in Wild zone.
1:55 of 2nd period - Slapshot by David Wolf.
1:55 of 2nd period - Deflect By Deryk Engelland.
1:55 of 2nd period - Shot Misses the Net.
1:55 of 2nd period - Puck is out of play.
1:56 of 2nd period - Chris Langkow wins face-off versus Mark Van Guilder in Phantoms zone.
2:56 of 2nd period - Shane O'Brien is hit by Cody Bass and loses puck.
3:44 of 2nd period - Penalty to Alex Friesen is over, Alex Friesen is back on ice.
3:57 of 2nd period - Martin Gernat is hit by Micheal Haley and loses puck.
4:08 of 2nd period - Snap shot by Deryk Engelland.
4:08 of 2nd period - Stopped by Jordan Binnington with a rebound.
5:19 of 2nd period - Jon Landry is hit by Keegan Lowe and loses puck.
6:24 of 2nd period - Alex Friesen is hit by Cody Bass and loses puck.
7:03 of 2nd period - Tom Sestito is hit by Micheal Haley and loses puck.
7:33 of 2nd period - Wrist shot by Bryan Lerg.
7:33 of 2nd period - Stopped by Jordan Binnington with a rebound.
7:35 of 2nd period - Slapshot by Bryan Lerg.
7:35 of 2nd period - Shot Misses the Net.
7:37 of 2nd period - Slapshot by Jared Nightingale.
7:37 of 2nd period - Deflect By David Wolf.
7:37 of 2nd period - Stopped by Jordan Binnington with a rebound.
8:24 of 2nd period - Wrist shot by Garrett Wilson.
8:24 of 2nd period - Shot Misses the Net.
8:26 of 2nd period - Slapshot by Bryan Allen.
8:26 of 2nd period - Stopped by Jordan Binnington with a rebound.
9:29 of 2nd period - 10 Minutes Misconduct Penalty to Steve MacIntyre is over.
9:29 of 2nd period - Slapshot by Bryan Allen.
9:29 of 2nd period - Shot Misses the Net.
9:31 of 2nd period - Snap shot by Mark Louis.
9:31 of 2nd period - Stopped by Jordan Binnington with a rebound.
9:35 of 2nd period - Wrist shot by Keegan Lowe.
9:35 of 2nd period - Shot Misses the Net.
9:37 of 2nd period - Snap shot by Greg Zanon.
9:37 of 2nd period - Shot Misses the Net.
10:41 of 2nd period - Wrist shot by Chris Langkow.
10:41 of 2nd period - Shot Misses the Net.
10:43 of 2nd period - Slapshot by Deryk Engelland.
10:43 of 2nd period - Stopped by Jordan Binnington with a rebound.
10:45 of 2nd period - Snap shot by Greg Zanon.
10:45 of 2nd period - Shot Blocked by Cam Janssen.
10:49 of 2nd period - Snap shot by Tom Sestito.
10:49 of 2nd period - Shot Misses the Net.
11:17 of 2nd period - Byron Froese is hit by Dan Catenacci and loses puck.
11:45 of 2nd period - Slapshot by Bryan Allen.
11:45 of 2nd period - Shot Blocked by Jani Hakanpaa.
11:59 of 2nd period - Minor Penalty to Shane O'Brien for Hooking.
12:00 of 2nd period - Chris Langkow wins face-off versus Mark Van Guilder in Wild zone.
12:35 of 2nd period - Slapshot by Garrett Wilson.
12:35 of 2nd period - Shot Misses the Net.
12:37 of 2nd period - Slapshot by Bryan Allen.
12:37 of 2nd period - Shot Misses the Net.
12:39 of 2nd period - Slapshot by Martin Gernat.
12:39 of 2nd period - Deflect By David Wolf.
12:39 of 2nd period - Goal by Martin Gernat - Wild : 1 - Phantoms : 1.
12:40 of 2nd period - Nathan Longpre wins face-off versus Michael Keranen in neutral zone.
14:00 of 2nd period - Snap shot by Byron Froese.
14:00 of 2nd period - Shot Blocked by Alex Friesen.
14:02 of 2nd period - Snap shot by Stephen Johns.
14:02 of 2nd period - Stopped by Jordan Binnington with a rebound.
14:04 of 2nd period - Wrist shot by Cody Bass.
14:04 of 2nd period - Shot Misses the Net.
15:25 of 2nd period - Wrist shot by Micheal Haley.
15:25 of 2nd period - Stopped by Marek Mazanec with a rebound.
15:31 of 2nd period - Jerome Leduc is hit by Steve MacIntyre and loses puck.
16:00 of 2nd period - Snap shot by Danny Hobbs.
16:00 of 2nd period - Shot Blocked by Chris Neil.
16:04 of 2nd period - Snap shot by Danny Hobbs.
16:04 of 2nd period - Stopped by Marek Mazanec with a rebound.
16:24 of 2nd period - Backhand shot by Bryan Lerg.
16:24 of 2nd period - Stopped by Jordan Binnington with a rebound.
16:26 of 2nd period - Snap shot by Bryan Lerg.
16:26 of 2nd period - Shot Misses the Net.
16:44 of 2nd period - Anthony Camara is hit by Steve MacIntyre.
16:54 of 2nd period - Francis Wathier is hit by Nathan Longpre and loses puck.
17:11 of 2nd period - Wrist shot by Dan Catenacci.
17:11 of 2nd period - Stopped by Marek Mazanec without a rebound.
17:12 of 2nd period - Mark Van Guilder wins face-off versus Chris Langkow in Phantoms zone.
17:19 of 2nd period - Deryk Engelland is hit by David Wolf and loses puck.
17:45 of 2nd period - Icing by Jon Landry.
17:46 of 2nd period - Devin Shore wins face-off versus Chris Neil in Wild zone.
17:51 of 2nd period - Garrett Wilson is hit by Devin Shore.
17:57 of 2nd period - Stephen Johns is hit by Jani Hakanpaa and loses puck.
18:17 of 2nd period - Martin Gernat is hit by Jon Landry.
18:23 of 2nd period - Snap shot by Dan Catenacci.
18:23 of 2nd period - Stopped by Marek Mazanec without a rebound.
18:24 of 2nd period - Dan Catenacci wins face-off versus Byron Froese in Phantoms zone.
18:59 of 2nd period - Slapshot by Jerome Leduc.
18:59 of 2nd period - Shot Misses the Net.
19:01 of 2nd period - Slapshot by Jerome Leduc.
19:01 of 2nd period - Shot Blocked by Martin Gernat.
19:03 of 2nd period - Backhand shot by Mike Moore.
19:03 of 2nd period - Shot Hit the Post.
19:05 of 2nd period - Slapshot by Jerome Leduc.
19:05 of 2nd period - Stopped by Marek Mazanec without a rebound.
19:06 of 2nd period - Cam Janssen wins face-off versus Nathan Longpre in Phantoms zone.
19:11 of 2nd period - Wrist shot by Alex Friesen.
19:11 of 2nd period - Shot Misses the Net.
19:13 of 2nd period - Slapshot by Shane O'Brien.
19:13 of 2nd period - Stopped by Marek Mazanec with a rebound.
19:15 of 2nd period - Snap shot by Alex Friesen.
19:15 of 2nd period - Shot Blocked by Greg Zanon.
19:17 of 2nd period - Snap shot by Alex Friesen.
19:17 of 2nd period - Shot Misses the Net.
19:19 of 2nd period - Slapshot by Steve Eminger.
19:19 of 2nd period - Stopped by Marek Mazanec with a rebound.
19:23 of 2nd period - Wrist shot by Alex Friesen.
19:23 of 2nd period - Deflect By Cam Janssen.
19:23 of 2nd period - Shot Misses the Net.
19:23 of 2nd period - Puck is out of play.
19:24 of 2nd period - Mark Van Guilder wins face-off versus Nathan Longpre in Phantoms zone.
19:35 of 2nd period - Shane O'Brien is hit by Nathan Longpre and loses puck.
19:47 of 2nd period - Slapshot by Shane O'Brien.
19:47 of 2nd period - Stopped by Marek Mazanec without a rebound.
19:48 of 2nd period - Chris Neil wins face-off versus Dan Catenacci in Phantoms zone.
19:57 of 2nd period - Jani Hakanpaa is hit by Bryan Allen.
Goals for this period are 1 for Wild vs 1 for Phantoms.
Shots for this period are 12 for Wild vs 13 for Phantoms.

3rd period


0:01 of 3rd period - Mark Van Guilder wins face-off versus Chris Neil in neutral zone.
0:23 of 3rd period - David Wolf is hit by Chris Neil and loses puck.
0:52 of 3rd period - Shane O'Brien is hit by Cody Bass and loses puck.
1:29 of 3rd period - Icing by Deryk Engelland.
1:30 of 3rd period - Alex Friesen wins face-off versus Byron Froese in Phantoms zone.
1:39 of 3rd period - Slapshot by Anthony Camara.
1:39 of 3rd period - Shot Misses the Net.
1:41 of 3rd period - Slapshot by Cam Janssen.
1:41 of 3rd period - Shot Misses the Net.
1:43 of 3rd period - Slapshot by Anthony Camara.
1:43 of 3rd period - Stopped by Marek Mazanec with a rebound.
1:45 of 3rd period - Slapshot by Jerome Leduc.
1:45 of 3rd period - Shot Blocked by Bryan Allen.
1:45 of 3rd period - Bryan Allen from Phantoms is injured at 1:45 of 3rd period (Right Leg).
1:46 of 3rd period - Mark Van Guilder wins face-off versus Chris Neil in Phantoms zone.
1:47 of 3rd period - Snap shot by Micheal Haley.
1:47 of 3rd period - Deflect By David Wolf.
1:47 of 3rd period - Shot Blocked by Deryk Engelland.
1:47 of 3rd period - Puck is out of play.
1:48 of 3rd period - Chris Langkow wins face-off versus Mark Van Guilder in Phantoms zone.
1:58 of 3rd period - Off-side.
1:59 of 3rd period - Chris Neil wins face-off versus Mark Van Guilder in neutral zone.
2:07 of 3rd period - Slapshot by Micheal Haley.
2:07 of 3rd period - Stopped by Marek Mazanec with a rebound.
2:27 of 3rd period - Snap shot by Shane O'Brien.
2:27 of 3rd period - Stopped by Marek Mazanec without a rebound.
2:28 of 3rd period - Byron Froese wins face-off versus Dan Catenacci in Phantoms zone.
2:37 of 3rd period - Wrist shot by Bryan Lerg.
2:37 of 3rd period - Shot Misses the Net.
4:11 of 3rd period - Deryk Engelland beats up Steve Eminger.
4:11 of 3rd period - Penalty to Deryk Engelland for Fighting.
4:11 of 3rd period - Penalty to Steve Eminger for Fighting.
4:12 of 3rd period - Chris Langkow wins face-off versus Mark Van Guilder in Wild zone.
4:47 of 3rd period - Wrist shot by Nathan Longpre.
4:47 of 3rd period - Shot Misses the Net.
4:49 of 3rd period - Wrist shot by Greg Zanon.
4:49 of 3rd period - Shot Blocked by Jani Hakanpaa.
4:51 of 3rd period - Wrist shot by Nathan Longpre.
4:51 of 3rd period - Shot Misses the Net.
4:53 of 3rd period - Slapshot by Tom Sestito.
4:53 of 3rd period - Shot Blocked by Jani Hakanpaa.
4:55 of 3rd period - Slapshot by Steve MacIntyre.
4:55 of 3rd period - Stopped by Jordan Binnington without a rebound.
4:56 of 3rd period - Dan Catenacci wins face-off versus Nathan Longpre in Wild zone.
4:56 of 3rd period - Dan Catenacci is hit by Tom Sestito.
5:05 of 3rd period - Minor Penalty to Steve MacIntyre for Interference.
5:06 of 3rd period - Dan Catenacci wins face-off versus Tom Sestito in Phantoms zone.
5:18 of 3rd period - Snap shot by Dan Catenacci.
5:18 of 3rd period - Shot Blocked by Tom Sestito.
5:22 of 3rd period - Wrist shot by Dan Catenacci.
5:22 of 3rd period - Shot Misses the Net.
5:24 of 3rd period - Wrist shot by Francis Wathier.
5:24 of 3rd period - Deflect By Jared Nightingale.
5:24 of 3rd period - Stopped by Marek Mazanec with a rebound.
5:40 of 3rd period - Wrist shot by Dan Catenacci.
5:40 of 3rd period - Shot Misses the Net.
5:42 of 3rd period - Snap shot by Dan Catenacci.
5:42 of 3rd period - Deflect By Michael Keranen.
5:42 of 3rd period - Shot Blocked by Keegan Lowe.
5:42 of 3rd period - Puck is out of play.
5:43 of 3rd period - Tom Sestito wins face-off versus Mark Van Guilder in Phantoms zone.
5:54 of 3rd period - Slapshot by David Wolf.
5:54 of 3rd period - Shot Misses the Net.
6:14 of 3rd period - Snap shot by Micheal Haley.
6:14 of 3rd period - Shot Misses the Net.
6:45 of 3rd period - Jared Nightingale is hit by Jani Hakanpaa.
7:05 of 3rd period - Penalty to Steve MacIntyre is over, Steve MacIntyre is back on ice.
7:39 of 3rd period - Garrett Wilson is hit by Shane O'Brien.
7:51 of 3rd period - Martin Gernat is hit by Cam Janssen and loses puck.
7:56 of 3rd period - Wrist shot by Alex Friesen.
7:56 of 3rd period - Stopped by Marek Mazanec with a rebound.
8:12 of 3rd period - Jon Landry is hit by Steve MacIntyre and loses puck.
8:29 of 3rd period - Cam Janssen is hit by Nathan Longpre and loses puck.
8:58 of 3rd period - Snap shot by Danny Hobbs.
8:58 of 3rd period - Stopped by Marek Mazanec with a rebound.
9:02 of 3rd period - Slapshot by Shane O'Brien.
9:02 of 3rd period - Shot Misses the Net.
9:04 of 3rd period - Wrist shot by Tim Spencer.
9:04 of 3rd period - Shot Misses the Net.
9:06 of 3rd period - Slapshot by Shane O'Brien.
9:06 of 3rd period - Stopped by Marek Mazanec with a rebound.
9:08 of 3rd period - Backhand shot by Tim Spencer.
9:08 of 3rd period - Stopped by Marek Mazanec with a rebound.
9:10 of 3rd period - Slapshot by Shane O'Brien.
9:10 of 3rd period - Deflect By Tim Spencer.
9:10 of 3rd period - Shot Misses the Net.
9:10 of 3rd period - Puck is out of play.
9:11 of 3rd period - Byron Froese wins face-off versus Dan Catenacci in Phantoms zone.
9:19 of 3rd period - Snap shot by Byron Froese.
9:19 of 3rd period - Shot Misses the Net.
9:25 of 3rd period - Wrist shot by Bryan Lerg.
9:25 of 3rd period - Deflect By Byron Froese.
9:25 of 3rd period - Shot Blocked by Jerome Leduc.
9:25 of 3rd period - Puck is out of play.
9:26 of 3rd period - Dan Catenacci wins face-off versus Byron Froese in Wild zone.
10:10 of 3rd period - Jani Hakanpaa is hit by Steve MacIntyre.
10:15 of 3rd period - Minor Penalty to David Wolf for Hooking.
10:16 of 3rd period - Chris Langkow wins face-off versus Mark Van Guilder in Wild zone.
10:16 of 3rd period - Wrist shot by Deryk Engelland.
10:16 of 3rd period - Stopped by Jordan Binnington with a rebound.
10:18 of 3rd period - Snap shot by Chris Neil.
10:18 of 3rd period - Stopped by Jordan Binnington with a rebound.
10:20 of 3rd period - Wrist shot by Martin Gernat.
10:20 of 3rd period - Shot Misses the Net.
10:22 of 3rd period - Wrist shot by Deryk Engelland.
10:22 of 3rd period - Stopped by Jordan Binnington with a rebound.
10:24 of 3rd period - Wrist shot by Deryk Engelland.
10:24 of 3rd period - Shot Misses the Net.
10:26 of 3rd period - Slapshot by Deryk Engelland.
10:26 of 3rd period - Stopped by Jordan Binnington without a rebound.
10:27 of 3rd period - Chris Langkow wins face-off versus Mark Van Guilder in Wild zone.
10:36 of 3rd period - Wrist shot by Garrett Wilson.
10:36 of 3rd period - Shot Blocked by Steve Eminger.
10:46 of 3rd period - Wrist shot by Shane O'Brien.
10:46 of 3rd period - Stopped by Marek Mazanec with a rebound.
10:58 of 3rd period - Steve Eminger is hit by Cody Bass and loses puck.
11:21 of 3rd period - Wrist shot by Chris Langkow.
11:21 of 3rd period - Shot Misses the Net.
11:31 of 3rd period - Cody Bass is hit by Dan Catenacci and loses puck.
12:15 of 3rd period - Penalty to David Wolf is over, David Wolf is back on ice.
13:07 of 3rd period - Steve MacIntyre and Mike Moore fight to a draw.
13:07 of 3rd period - Penalty to Steve MacIntyre for Fighting.
13:07 of 3rd period - Penalty to Mike Moore for Fighting.
13:08 of 3rd period - Tom Sestito wins face-off versus Alex Friesen in Wild zone.
13:18 of 3rd period - Deryk Engelland beats up Jon Landry.
13:18 of 3rd period - Penalty to Deryk Engelland for Fighting.
13:18 of 3rd period - Deryk Engelland is ejected from game.
13:18 of 3rd period - Penalty to Jon Landry for Fighting.
13:19 of 3rd period - David Wolf wins face-off versus Chris Langkow in Phantoms zone.
13:43 of 3rd period - Icing by Micheal Haley.
13:44 of 3rd period - Nathan Longpre wins face-off versus Mark Van Guilder in Wild zone.
13:45 of 3rd period - Slapshot by Martin Gernat.
13:45 of 3rd period - Deflect By Steve Eminger.
13:45 of 3rd period - Stopped by Jordan Binnington without a rebound.
13:46 of 3rd period - Dan Catenacci wins face-off versus Nathan Longpre in Wild zone.
13:46 of 3rd period - Dan Catenacci is hit by Jared Nightingale.
13:55 of 3rd period - Minor Penalty to Tom Sestito for Cross-checking.
13:56 of 3rd period - Byron Froese wins face-off versus Mark Van Guilder in Phantoms zone.
14:02 of 3rd period - Wrist shot by David Wolf.
14:02 of 3rd period - Shot Misses the Net.
14:04 of 3rd period - Snap shot by Mark Van Guilder.
14:04 of 3rd period - Stopped by Marek Mazanec with a rebound.
14:06 of 3rd period - Snap shot by Steve Eminger.
14:06 of 3rd period - Stopped by Marek Mazanec with a rebound.
14:14 of 3rd period - Slapshot by David Wolf.
14:14 of 3rd period - Shot Misses the Net.
14:16 of 3rd period - Wrist shot by David Wolf.
14:16 of 3rd period - Shot Blocked by Cody Bass.
14:18 of 3rd period - Slapshot by Steve Eminger.
14:18 of 3rd period - Deflect By Micheal Haley.
14:18 of 3rd period - Shot Blocked by Bryan Lerg.
14:18 of 3rd period - Puck is out of play.
14:19 of 3rd period - Dan Catenacci wins face-off versus Chris Langkow in Phantoms zone.
14:28 of 3rd period - Snap shot by Michael Keranen.
14:28 of 3rd period - Shot Misses the Net.
14:54 of 3rd period - Wrist shot by Michael Keranen.
14:54 of 3rd period - Shot Blocked by Chris Neil.
14:56 of 3rd period - Snap shot by Dan Catenacci.
14:56 of 3rd period - Shot Blocked by Chris Langkow.
15:16 of 3rd period - Greg Zanon is hit by Shane O'Brien and loses puck.
15:23 of 3rd period - Snap shot by David Wolf.
15:23 of 3rd period - Stopped by Marek Mazanec without a rebound.
15:24 of 3rd period - Alex Friesen wins face-off versus Nathan Longpre in Phantoms zone.
15:32 of 3rd period - Stephen Johns and Jani Hakanpaa fight to a draw.
15:32 of 3rd period - Penalty to Stephen Johns for Fighting.
15:32 of 3rd period - Penalty to Jani Hakanpaa for Fighting.
15:33 of 3rd period - Chris Langkow wins face-off versus Mark Van Guilder in Phantoms zone.
15:53 of 3rd period - Snap shot by Micheal Haley.
15:53 of 3rd period - Stopped by Marek Mazanec with a rebound.
15:55 of 3rd period - Slapshot by Mark Van Guilder.
15:55 of 3rd period - Stopped by Marek Mazanec without a rebound.
15:56 of 3rd period - Nathan Longpre wins face-off versus Dan Catenacci in Phantoms zone.
16:42 of 3rd period - David Wolf is hit by Chris Neil and loses puck.
16:49 of 3rd period - Slapshot by Nathan Longpre.
16:49 of 3rd period - Shot Misses the Net.
17:09 of 3rd period - Greg Zanon is hit by David Wolf and loses puck.
17:38 of 3rd period - Off-side.
17:39 of 3rd period - Nathan Longpre wins face-off versus Devin Shore in neutral zone.
18:02 of 3rd period - Tim Spencer is hit by Garrett Wilson and loses puck.
18:13 of 3rd period - Backhand shot by Danny Hobbs.
18:13 of 3rd period - Stopped by Marek Mazanec with a rebound.
18:15 of 3rd period - Slapshot by Shane O'Brien.
18:15 of 3rd period - Shot Misses the Net.
18:41 of 3rd period - Chris Neil is hit by Cam Janssen and loses puck.
19:02 of 3rd period - David Wolf is hit by Greg Zanon and loses puck.
19:09 of 3rd period - Slapshot by Mike Moore.
19:09 of 3rd period - Shot Misses the Net.
19:11 of 3rd period - Wrist shot by Jon Landry.
19:11 of 3rd period - Stopped by Marek Mazanec with a rebound.
19:13 of 3rd period - Wrist shot by Mark Van Guilder.
19:13 of 3rd period - Deflect By David Wolf.
19:13 of 3rd period - Shot Misses the Net.
19:13 of 3rd period - Puck is out of play.
19:14 of 3rd period - Mark Van Guilder wins face-off versus Chris Langkow in Phantoms zone.
19:15 of 3rd period - Snap shot by David Wolf.
19:15 of 3rd period - Shot Blocked by Martin Gernat.
19:50 of 3rd period - Francis Wathier is hit by Bryan Lerg and loses puck.
19:59 of 3rd period - Snap shot by Bryan Lerg.
19:59 of 3rd period - Shot Misses the Net.
Goals for this period are 0 for Wild vs 0 for Phantoms.
Shots for this period are 16 for Wild vs 6 for Phantoms.

Overtime #1


0:01 of 1st overtime period - Mark Van Guilder wins face-off versus Chris Langkow in neutral zone.
0:08 of 1st overtime period - Slapshot by Shane O'Brien.
0:08 of 1st overtime period - Shot Misses the Net.
0:10 of 1st overtime period - Snap shot by Steve Eminger.
0:10 of 1st overtime period - Stopped by Marek Mazanec with a rebound.
0:12 of 1st overtime period - Slapshot by Shane O'Brien.
0:12 of 1st overtime period - Shot Misses the Net.
0:32 of 1st overtime period - Penalty to Stephen Johns is over, Stephen Johns is back on ice.
0:32 of 1st overtime period - Penalty to Jani Hakanpaa is over, Jani Hakanpaa is back on ice.
0:32 of 1st overtime period - Slapshot by David Wolf.
0:32 of 1st overtime period - Stopped by Marek Mazanec without a rebound.
0:33 of 1st overtime period - Mark Van Guilder wins face-off versus Chris Langkow in Phantoms zone.
0:49 of 1st overtime period - Wrist shot by David Wolf.
0:49 of 1st overtime period - Stopped by Marek Mazanec without a rebound.
0:50 of 1st overtime period - Mark Van Guilder wins face-off versus Chris Langkow in Phantoms zone.
0:53 of 1st overtime period - Snap shot by David Wolf.
0:53 of 1st overtime period - Stopped by Marek Mazanec with a rebound.
0:59 of 1st overtime period - Jon Landry is hit by Jared Nightingale and loses puck.
1:12 of 1st overtime period - Mark Van Guilder is hit by Chris Langkow and loses puck.
2:10 of 1st overtime period - Steve Eminger is hit by Greg Zanon and loses puck.
2:21 of 1st overtime period - Wrist shot by Garrett Wilson.
2:21 of 1st overtime period - Deflect By Tom Sestito.
2:21 of 1st overtime period - Shot Misses the Net.
2:21 of 1st overtime period - Puck is out of play.
2:22 of 1st overtime period - Chris Langkow wins face-off versus Anthony Camara in Wild zone.
4:32 of 1st overtime period - Slapshot by Anthony Camara.
4:32 of 1st overtime period - Deflect By Alex Friesen.
4:32 of 1st overtime period - Shot Misses the Net.
4:32 of 1st overtime period - Puck is out of play.
4:33 of 1st overtime period - Alex Friesen wins face-off versus Byron Froese in Phantoms zone.
4:38 of 1st overtime period - Slapshot by Shane O'Brien.
4:38 of 1st overtime period - Stopped by Marek Mazanec with a rebound.
Goals for this period are 0 for Wild vs 0 for Phantoms.
Shots for this period are 5 for Wild vs 0 for Phantoms.

ShootOut


5:00 of 1st overtime period - Penalty Shot by Mark Van Guilder for Wild.
5:00 of 1st overtime period - Deke by Mark Van Guilder.
5:00 of 1st overtime period - Stopped by Marek Mazanec.
5:00 of 1st overtime period - Penalty Shot by Byron Froese for Phantoms.
5:00 of 1st overtime period - Deke by Byron Froese.
5:00 of 1st overtime period - Shot Misses the Net.
5:00 of 1st overtime period - Penalty Shot by David Wolf for Wild.
5:00 of 1st overtime period - Deke by David Wolf.
5:00 of 1st overtime period - Stopped by Marek Mazanec.
5:00 of 1st overtime period - Penalty Shot by Tom Sestito for Phantoms.
5:00 of 1st overtime period - Deke by Tom Sestito.
5:00 of 1st overtime period - Stopped by Jordan Binnington.
5:00 of 1st overtime period - Penalty Shot by Micheal Haley for Wild.
5:00 of 1st overtime period - Wrist shot by Micheal Haley.
5:00 of 1st overtime period - Shot Misses the Net.
5:00 of 1st overtime period - Penalty Shot by Chris Langkow for Phantoms.
5:00 of 1st overtime period - Wrist shot by Chris Langkow.
5:00 of 1st overtime period - Shot Misses the Net.
5:00 of 1st overtime period - Penalty Shot by Dan Catenacci for Wild.
5:00 of 1st overtime period - Wrist shot by Dan Catenacci.
5:00 of 1st overtime period - Stopped by Marek Mazanec.
5:00 of 1st overtime period - Penalty Shot by Garrett Wilson for Phantoms.
5:00 of 1st overtime period - Backhand shot by Garrett Wilson.
5:00 of 1st overtime period - Stopped by Jordan Binnington.
5:00 of 1st overtime period - Penalty Shot by Alex Friesen for Wild.
5:00 of 1st overtime period - Deke by Alex Friesen.
5:00 of 1st overtime period - Stopped by Marek Mazanec.
5:00 of 1st overtime period - Penalty Shot by Bryan Lerg for Phantoms.
5:00 of 1st overtime period - Snap shot by Bryan Lerg.
5:00 of 1st overtime period - Goal by Bryan Lerg.